 Dungeon Crawl Stone Soup version 0.21.1-1-g345015f (webtiles) character file.

24486 homeworkjunkie the Cleaver (level 13, 0/116 HPs)
             Began as a Hill Orc Fighter on Feb 16, 2018.
             Was a High Priest of Okawaru.
             Succumbed to a spiny frog's poison
             ... on level 5 of the Lair of Beasts.
             The game lasted 00:27:34 (13881 turns).

homeworkjunkie the Cleaver (Hill Orc Fighter)      Turns: 13881, Time: 00:27:36

Health: 0/116      AC: 20    Str: 28    XL:     13   Next: 13%
Magic:  18/18      EV: 11    Int:  8    God:    Okawaru [*****.]
Gold:   718        SH: 13    Dex: 11    Spells: 14/14 levels left

rFire    + + .     SeeInvis +   D - +4 broad axe (drain)
rCold    . . .     Gourm    .   c - +0 shield
rNeg     . . .     Faith    .   w - +0 plate armour
rPois    .         Spirit   .   t - +2 helmet {SInv}
rElec    .         Reflect  .   (no cloak)
rCorr    .         Harm     .   i - +0 pair of gloves
MR       .....                  b - +0 pair of boots
Stlth    ..........             (no amulet)
HPRegen  0.29/turn              s - ring of Xom's Bemusement {rF+ EV+3}
MPRegen  0.16/turn              C - ring of protection from fire

@: mighty, lethally poisoned (0 -> -2)
A: no striking features
a: Heroism, Finesse, Renounce Religion


You were on level 5 of the Lair of Beasts.
You worshipped Okawaru.
Okawaru was extremely pleased with you.
You were not hungry.

You visited 3 branches of the dungeon, and saw 16 of its levels.
You also visited: Sewer.

You collected 718 gold pieces.

Inventory:

Hand Weapons
 r - a +1 war axe of flaming
 D - a +4 broad axe of draining (weapon)
Armour
 b - a +0 pair of boots (worn)
 c - a +0 shield (worn)
 i - a +0 pair of gloves (worn)
 t - a +2 helmet of see invisible (worn)
 w - a +0 plate armour (worn)
Jewellery
 s - the ring of Xom's Bemusement (left hand) {rF+ EV+3}
   (You found it on level 2 of the Lair of Beasts)

   [ring of evasion]

   It affects your evasion (+3).
   It protects you from fire.
 C - a ring of protection from fire (right hand)
Wands
 l - a wand of paralysis (26)
 u - a wand of flame (10)
 x - a wand of polymorph (8)
 y - a wand of iceblast (2)
 A - a wand of digging (9)
Scrolls
 e - a scroll of blinking
 h - a scroll of fear
 j - 5 scrolls of identify
 k - a scroll of enchant weapon {unknown}
 o - 5 scrolls of remove curse
 p - a scroll of enchant armour
 q - a scroll of fog {unknown}
 z - 3 scrolls of teleportation
 E - a scroll of brand weapon {unknown}
Potions
 d - 3 potions of might
 g - 4 potions of lignification
 m - a potion of berserk rage
 n - 2 potions of resistance
 v - 3 potions of brilliance
 B - a potion of haste
Comestibles
 f - 8 rations


   Skills:
 * Level 11.4 Fighting
 * Level 14.9 Axes
 + Level 2.5 Throwing
 * Level 9.7 Armour
 + Level 3.1 Dodging
 + Level 4.2 Stealth
 * Level 10.4 Shields
 + Level 2.3 Unarmed Combat
 + Level 1.4 Spellcasting
 * Level 7.6 Evocations


You had 14 spell levels left.
You didn't know any spells.

Dungeon Overview and Level Annotations

Branches:
Dungeon (9/15)             Temple (1/1) D:7            Lair (6/6) D:9
  Swamp (0/4) Lair:2        Snake (0/4) Lair:4
  Slime: Lair:5-6       Orc: D:9-12

Altars:
Ashenzari
Elyvilon
Fedhas
Gozag
Hepliaklqana
Okawaru
Ru
Sif Muna
Uskayaw
Vehumet
Yredelemnul
Zin
The Shining One

Shops:
D:4 (

Annotations:
Lair:4 Rupert
Lair:5 1 transporter


Message History

The spiny frog stings you but does no damage.
The death yak gores you.
* * * LOW HITPOINT WARNING * * *
The death yak gores you!
* * * LOW HITPOINT WARNING * * *
You feel sick. The death yak gores you.
* * * LOW HITPOINT WARNING * * *
You feel sick.
You bump into the rock wall.
You feel less invigorated.
You feel less confused. The spiny frog stings you!
* * * LOW HITPOINT WARNING * * *
You block the death yak's attack. The spiny frog closely misses you.
You hit the death yak.
The death yak is almost dead.
You slash the spiny frog!
You kill the spiny frog!
Okawaru accepts your kill.
You slash the fungus!
You die...

..........
####.........
####...........
#............###
####.<..#.....#
#.#....#......#
#..........#.#
##P.........#
##@.........##
#..Y........# ##
#...........#
#.#####...........#
#..#.#P..........##
.................P#
....P..............
...P...............
....#P.....P......


You could see a death yak.

Vanquished Creatures
  The ghost of Frank the Carver, a journeyman OpFi of Gozag (Lair:1)
  2 hydras
  2 two-headed ogres (D:8)
  4 elephants
  3 komodo dragons
  7 spiny frogs
  A rime drake (Lair:6)
  A polar bear (Lair:3)
  2 tyrant leeches (Lair:2)
  2 slime creatures (D:8)
  4 blink frogs (Lair:1)
  4 hippogriffs
  Sigmund (D:4)
  A human (D:7)
  4 hogs (D:7)
  22 yaks
  2 basilisks
  A swamp worm (Lair:2)
  4 nagas (Lair:4)
  13 porcupines
  2 hell hounds (D:9)
  8 water moccasins
  A black bear (Lair:1)
  2 sky beasts
  3 orc warriors
  An ice beast (D:8)
  3 ogres
  2 phantoms
  4 crocodiles (Lair:1)
  2 big kobolds (D:8)
  The ghost of Dioder the Vexing, an amateur SpAM (D:3)
  8 bullfrogs
  A wyvern skeleton (D:6)
  A scorpion (D:9)
  A water moccasin skeleton (D:8)
  An electric eel (D:6)
  4 crimson imps
  2 howler monkeys (D:8)
  2 centaur zombies
  2 bullfrog zombies
  3 hounds
  2 orc priests
  A bullfrog skeleton (D:7)
  10 orc wizards
  An iguana (D:9)
  7 worker ants
  2 hound skeletons
  2 worker ant zombies
  4 gnolls (D:6)
  8 adders
  2 shadow imps (D:5)
  3 adder zombies
  6 worms
  9 dart slugs
  8 leopard geckos
  37 orcs
  6 giant cockroaches
  8 goblins
  5 hobgoblins
  10 jackals
  10 quokkas
  8 ball pythons
  8 bats
  6 frilled lizards
  23 kobolds
  A quokka skeleton (D:4)
  7 rats
  A fungus (Lair:2)
330 creatures vanquished.

Vanquished Creatures (others)
  An orc wizard (D:6)
  A fungus (Lair:1)
  2 plants (Lair:4)
4 creatures vanquished.

Grand Total: 334 creatures vanquished

Notes
Turn   | Place    | Note
-------+----------+-------------------------------------------
     0 | D:1      | homeworkjunkie the Hill Orc Fighter began the quest for the Orb.
     0 | D:1      | Reached XP level 1. HP: 19/19 MP: 1/1
   124 | D:1      | Reached XP level 2. HP: 13/27 MP: 2/2
   878 | D:3      | Reached XP level 3. HP: 32/33 MP: 3/3
   889 | D:4      | Found a glowing drain.
   929 | Sewer    | Entered a sewer
  1088 | Sewer    | Reached skill level 3 in Axes
  1439 | Sewer    | Reached XP level 4. HP: 34/40 MP: 4/4
  2033 | D:4      | Reached XP level 5. HP: 23/47 MP: 5/5
  2036 | D:4      | Reached skill level 4 in Axes
  2518 | D:5      | Entered Level 5 of the Dungeon
  2769 | D:3      | Noticed Dioder's ghost (amateur SpAM)
  2782 | D:3      | Killed Dioder's ghost
  2782 | D:3      | Reached skill level 5 in Axes
  2782 | D:3      | Reached XP level 6. HP: 51/53 MP: 6/6
  2862 | D:3      | Reached skill level 5 in Shields
  3367 | D:2      | Found a glowing golden altar of the Shining One.
  3367 | D:2      | Found a glowing silver altar of Zin.
  3668 | D:2      | Found a glowing golden altar of the Shining One.
  4301 | D:6      | Noticed a phantom
  4452 | D:4      | Found Pehen's Weapon Shop.
  4509 | D:4      | Noticed Sigmund
  4531 | D:4      | Killed Sigmund
  4531 | D:4      | Reached skill level 5 in Fighting
  4531 | D:4      | Reached skill level 6 in Axes
  4531 | D:4      | Reached skill level 1 in Evocations
  4531 | D:4      | Reached XP level 7. HP: 11/61 MP: 7/7
  4982 | D:4      | You fall through a shaft!
  5016 | D:5      | Reached skill level 5 in Armour
  5019 | D:5      | Reached skill level 7 in Axes
  5111 | D:5      | Reached XP level 8. HP: 56/68 MP: 9/9
  5329 | D:5      | Found a white marble altar of Elyvilon.
  5647 | D:6      | Reached skill level 8 in Axes
  5924 | D:5      | Reached skill level 9 in Axes
  5924 | D:5      | Reached skill level 1 in Dodging
  6505 | D:7      | Reached XP level 9. HP: 75/75 MP: 10/10
  6553 | D:7      | Found a hazy altar of Hepliaklqana.
  6642 | D:7      | Reached skill level 10 in Axes
  7118 | D:7      | Reached skill level 11 in Axes
  7118 | D:7      | Reached skill level 1 in Spellcasting
  7118 | D:7      | Reached skill level 5 in Evocations
  7118 | D:7      | Reached XP level 10. HP: 88/88 MP: 11/13
  7174 | D:7      | Found a staircase to the Ecumenical Temple.
  7181 | Temple   | Entered the Ecumenical Temple
  7221 | Temple   | Became a worshipper of Warmaster Okawaru
  7264 | D:7      | Found a blossoming altar of Fedhas.
  7888 | D:8      | Reached skill level 12 in Axes
  7939 | D:8      | Found a basalt altar of Yredelemnul.
  8009 | D:8      | Reached XP level 11. HP: 23/94 MP: 13/15
  8328 | D:8      | Noticed a two-headed ogre
  8335 | D:8      | Killed a two-headed ogre
  8335 | D:8      | Reached * piety under Okawaru
  8502 | D:8      | Noticed a two-headed ogre
  8510 | D:8      | Killed a two-headed ogre
  8510 | D:8      | Reached ** piety under Okawaru
  9112 | D:9      | Found a staircase to the Lair.
  9145 | Lair:1   | Entered Level 1 of the Lair of Beasts
  9301 | Lair:1   | Reached *** piety under Okawaru
  9301 | Lair:1   | Reached skill level 13 in Axes
  9443 | Lair:1   | HP: 4/97 [blink frog (8)]
  9733 | Lair:1   | Received a gift from Okawaru
  9923 | Lair:1   | Reached **** piety under Okawaru
 10130 | Lair:1   | Reached XP level 12. HP: 79/106 MP: 16/16
 10140 | Lair:1   | Reached skill level 10 in Fighting
 10385 | Lair:2   | Noticed an eight-headed hydra
 10395 | Lair:2   | Killed a two-headed hydra
 10678 | Lair:1   | Noticed Frank's ghost (journeyman OpFi)
 10700 | Lair:1   | Killed Frank's ghost
 10700 | Lair:1   | Reached ***** piety under Okawaru
 11247 | Lair:2   | Reached skill level 14 in Axes
 11284 | Lair:2   | Found a staircase to the Swamp.
 11835 | Lair:2   | Got a heavily runed pewter ring
 12610 | Lair:3   | Identified the ring of Xom's Bemusement {rF+ EV+3} (You found it on level 2 of the Lair of Beasts)
 12691 | Lair:3   | Received a gift from Okawaru
 12788 | Lair:4   | Noticed Rupert
 13419 | Lair:4   | Found a staircase to the Snake Pit.
 13537 | Lair:5   | Found a transporter.
 13539 | Lair:6   | Entered Level 6 of the Lair of Beasts
 13574 | Lair:4   | Reached skill level 10 in Shields
 13714 | Lair:5   | Noticed a seven-headed hydra
 13726 | Lair:5   | Killed a one-headed hydra
 13824 | Lair:6   | Reached XP level 13. HP: 61/116 MP: 18/18
 13872 | Lair:5   | HP: 5/116 [spiny frog (1)]
 13877 | Lair:5   | HP: 3/116 [death yak (11)]
 13880 | Lair:5   | HP: 1/116 [spiny frog (11)]
 13881 | Lair:5   | Succumbed to a spiny frog's poison

Skill      XL: |  1  2  3  4  5  6  7  8  9 10 11 12 |
---------------+-------------------------------------+-----
Shields        | 4 5 6 8 9 10 | 10.4
Axes           | 3 5 6 7 9 11 12 13 14 | 14.9
Fighting       | 4 5 7 9 11 | 11.4
Armour         | 4 5 7 8 9 |  9.7
Evocations     | 1 2 5 6 7 |  7.6
Dodging        | 1 3 |  3.1
Throwing       | 2 |  2.5
Stealth        | 3 4 |  4.2
Unarmed Combat | 2 |  2.3
Spellcasting   | 1 |  1.4

Action                   |  1- 3 |  4- 6 |  7- 9 | 10-12 | 13-15 || total
-------------------------+-------+-------+-------+-------+-------++-------
Melee: War axe           |   125 |   243 |   256 |   454 |       ||  1078
       Unarmed           |       |       |     5 |       |       ||     5
       Broad axe         |       |       |       |    45 |    36 ||    81
Evoke: Wand              |       |     1 |     5 |    22 |       ||    28
  Use: Scroll            |     3 |     3 |     6 |     4 |       ||    16
       Potion            |     3 |     3 |     1 |     9 |     2 ||    18
 Stab: Paralysed         |       |     1 |       |    16 |       ||    17
  Eat: Ration            |     1 |     3 |     3 |     6 |       ||    13
       Chunk             |       |       |     1 |     1 |       ||     2
Armor: Scale mail        |    65 |   105 |    13 |       |       ||   183
       Chain mail        |       |       |    68 |       |       ||    68
       Plate armour      |       |       |    37 |   221 |    10 ||   268
       Skin              |       |       |     2 |       |       ||     2
Dodge: Dodged            |    50 |    72 |    66 |   114 |    12 ||   314
Block: Shield            |   100 |   126 |   147 |   280 |    16 ||   669
